Map: Catalyst LE

Players

MaSa

  • Race: Terran Terran
  • Spawn Location: 11:00

Serral - Winner!

  • Race: Zerg Zerg
  • Spawn Location: 5:00

Event: WCS Leipzig 2018

VOD

Have the link to the VOD?

Description

Time

  • Played on: Jan. 27, 2018, 8:16 a.m.
  • Length: 23:25

All games in this series

Show
View Real Time Build Order
Export as new Build Order

MaSa Terran 

Build Orders: Gas First Reaper Expand, Reaper Expand, Bio Tank, Hellion Banshee 

Get SALT Encoding   

  12  0:00  SCV  
  13  0:12  SCV  
  14  0:17  Supply Depot  
  14  0:25  SCV  
  14  0:27  Refinery  
  15  0:38  SCV  
  16  0:44  Barracks  
  16  0:50  SCV  
  17  1:03  SCV  
  18  1:15  SCV  
  19  1:31  Orbital Command, Reaper  
  20  1:42  Command Center  
  20  1:53  Factory  
  20  1:57  SCV  
  21  2:03  Refinery  
  21  2:06  Barracks Reactor  
  21  2:09  SCV  
  22  2:16  Supply Depot  
  22  2:21  SCV  
  23  2:37  SCV  
  23  2:42  Starport  
  24  2:47  Hellion x2  
  24  2:49  SCV  
  29  2:52  Marine  
  30  3:00  Orbital Command  
  30  3:08  Hellion  
  30  3:10  Marine  
  30  3:12  Hellion  
  35  3:17  SCV  
  35  3:19  Medivac  
  38  3:27  Marine  
  38  3:32  Armory  
  39  3:37  SCV  
  39  3:39  SCV, Supply Depot  
  42  3:49  SCV  
  42  3:50  Barracks Tech Lab, Starport Tech Lab  
  42  3:54  SCV  
  45  3:55  Hellion  
  45  4:01  Hellion  
  47  4:05  SCV  
  47  4:06  SCV, Supply Depot  
  49  4:17  SCV  
  49  4:19  SCV  
  49  4:22  Hellion  
  53  4:27  Hellion  
  53  4:29  SCV  
  54  4:31  SCV  
  54  4:35  Banshee  
  54  4:38  Cloaking Field  
  58  4:42  SCV  
  59  4:50  SCV  
  60  4:59  SCV  
  58  5:02  SCV  
  58  5:03  Command Center  
  57  5:15  SCV  
  57  5:16  Marine, Stimpack  
  57  5:17  SCV, Engineering Bay x2  
  60  5:24  Banshee  
  60  5:28  SCV, Supply Depot  
  62  5:39  SCV  
  59  5:44  SCV  
  59  5:45  Marine  
  48  5:52  Factory Reactor, Barracks  
  48  5:55  SCV, Terran Infantry Weapons Level 1, Terran Infantry Armor Level 1  
  48  5:57  SCV, Barracks  
  50  6:03  Refinery, Marine  
  50  6:04  Refinery  
  51  6:07  SCV  
  51  6:09  SCV  
  53  6:15  Starport Reactor  
  53  6:18  Orbital Command  
  53  6:19  SCV  
  53  6:21  Marine  
  53  6:23  SCV  
  56  6:28  Barracks  
  56  6:30  Barracks  
  56  6:31  SCV  
  57  6:35  SCV  
  57  6:39  Marine  
  59  6:40  Marine  
  59  6:41  Marine  
  59  6:44  SCV  
  59  6:45  SCV  
  63  6:50  Siege Tank  
  66  6:56  Marine  
  66  6:57  SCV  
  66  7:01  SCV, Marine x2  
  69  7:02  Marine  
  73  7:12  SCV  
  73  7:13  Marine  
  73  7:14  Marine  
  73  7:15  SCV, Medivac x2  
  78  7:19  Orbital Command  
  78  7:20  Marine x2  
  78  7:21  Marine  
  78  7:22  Combat Shields, Barracks Reactor x2  
  80  7:24  Supply Depot x2  
  80  7:26  Siege Tank  
  83  7:30  SCV  
  83  7:31  Marine  
  83  7:33  Supply Depot  
  83  7:35  Supply Depot  
  83  7:37  Armory  
  85  7:45  SCV x2, Marine x4  
  85  7:46  SCV, Factory  
  92  7:58  SCV x3  
  93  8:00  Refinery, Marine x2  
  93  8:03  Refinery, Marine x2  
  93  8:04  Supply Depot x2  
  93  8:05  Marine x2  
  101  8:08  Marine  
  101  8:09  Marine  
  101  8:10  SCV x2  
  104  8:20  SCV  
  104  8:21  Marine x3  
  104  8:22  SCV  
  104  8:26  SCV  
  107  8:30  Supply Depot, Marine  
  107  8:33  SCV  
  107  8:34  SCV, Terran Infantry Weapons Level 2, Terran Infantry Armor Level 2  
  109  8:38  SCV  
  110  8:41  Marine x2  
  110  8:42  Supply Depot x2  
  110  8:45  SCV  
  110  8:46  SCV, Terran Vehicle And Ship Armor Level 1  
  113  8:52  Marine x3, Siege Tank  
  113  8:54  Medivac x2  
  104  8:55  Marine x2  
  104  8:56  SCV, Marine  
  104  8:58  Supply Depot  
  104  9:00  Factory Tech Lab  
  108  9:05  Marine  
  108  9:07  Supply Depot x2, Marine x2  
  111  9:11  Marine x3  
  111  9:14  Marine x2  
  116  9:17  Marine  
  116  9:20  Siege Tank  
  116  9:23  Marine  
  121  9:31  Unknown  
  121  9:41  Command Center  
  121  9:42  Barracks  
  121  9:44  Barracks, Marine  
  121  9:45  Marine x2  
  124  9:46  Siege Tank  
  124  9:52  Marine x6  
  131  9:53  Siege Tank  
  131  9:57  Concussive Shells  
  131  9:58  Medivac  
  136  10:02  Marine x3  
  139  10:09  Marine  
  139  10:10  Marine  
  139  10:13  Marine x4  
  143  10:18  Siege Tank  
  143  10:20  SCV x2, Marine x3  
  143  10:21  SCV  
  146  10:24  Medivac  
  146  10:27  Marine  
  146  10:28  Medivac, Marine  
  149  10:31  Marine x4  
  149  10:33  Siege Tank  
  158  10:38  Marine x3  
  161  10:44  Barracks Tech Lab x2  
  161  10:45  Marine x2  
  159  10:53  Siege Tank, Marine x3  
  159  10:54  Marauder  
  159  10:55  Marine  
  159  10:56  Marine  
  168  11:00  Marine  
  168  11:03  Marine  
  170  11:05  Medivac x2, Siege Tank  
  175  11:13  Terran Infantry Weapons Level 3  
  175  11:15  Marine x2  
  175  11:16  Marine  
  177  11:19  Marine  
  177  11:22  Supply Depot  
  177  11:25  Siege Tank  
  181  11:30  SCV  
  181  11:31  SCV x2  
  184  11:35  Medivac  
  184  11:38  Marine x3  
  189  11:43  SCV  
  189  11:45  Planetary Fortress  
  190  11:53  Marine x2  
  190  11:54  Marauder  
  194  11:58  Siege Tank  
  194  12:00  Marine x2, Marauder  
  199  12:05  Marine  
  200  12:21  Terran Infantry Armor Level 3  
  188  12:23  Terran Vehicle Weapons Level 1  
  188  12:26  Siege Tank  
  188  12:27  Marine x2  
  188  12:28  Marauder x2, Marine x2  
  199  12:34  Marine  
  199  12:35  Siege Tank, Marine, Marauder  
  199  12:37  Marine  
  199  12:41  Marine  
  197  12:45  Medivac, Marine x2  
  197  12:46  Marine x2  
  197  12:49  Marauder, Marine  
  174  12:52  Marine  
  174  12:54  Medivac  
  174  12:56  Marauder  
  153  13:00  Marine  
  153  13:01  Marine x2  
  143  13:06  Marine x2  
  143  13:08  Marauder  
  143  13:11  Marine x2  
  147  13:13  Siege Tank x2  
  148  13:28  Marine  
  148  13:29  Marine x4, Marauder  
  148  13:30  Marine  
  153  13:37  Marine x2, Marauder  
  157  13:45  Siege Tank  
  157  13:46  Siege Tank  
  157  13:47  Marine x2  
  157  13:48  Marauder  
  167  13:52  Marine x2  
  167  13:53  Medivac x2, Marine, Marauder  
  176  13:59  Marine  
  176  14:00  Command Center  
  177  14:04  Marine  
  159  14:11  Marine x5, Marauder  
  159  14:15  Marine, Marauder  
  137  14:17  Siege Tank  
  137  14:18  Siege Tank  
  137  14:19  Marine x2  
  137  14:22  Marine  
  137  14:23  Medivac  
  138  14:25  Medivac  
  133  14:32  Marine  
  133  14:33  Marauder, Marine  
  133  14:36  Refinery  
  133  14:38  Marine x4  
  138  14:43  Marine x2  
  138  14:44  Refinery  
  143  14:48  Marauder  
  143  14:51  Siege Tank  
  148  14:53  Medivac  
  148  14:56  Siege Tank  
  148  14:57  Marine  
  148  14:58  Marauder  
  156  15:02  Medivac  
  153  15:10  Marine x3, Marauder  
  158  15:14  Marine, Marauder  
  158  15:15  Liberator  
  163  15:21  Marauder  
  163  15:23  Medivac, Siege Tank  
  168  15:30  Marine x4  
  168  15:31  Marine  
  168  15:32  Marauder  
  178  15:36  Liberator, Barracks  
  166  15:53  Marine x3, Marauder  
  166  15:55  Marine x2, Marauder  
  166  15:56  Siege Tank  
  167  15:59  Marine  
  167  16:00  Marine, Marauder  
  163  16:06  Siege Tank, Marine  
  163  16:10  Marine  
  163  16:11  Marine x2  
  162  16:14  Planetary Fortress  
  162  16:15  Marauder  
  162  16:17  Medivac  
  161  16:28  Siege Tank  
  140  16:33  Marine, Marauder  
  140  16:36  Medivac  
  140  16:37  Liberator  
  140  16:38  Siege Tank  
  140  16:39  Marine x3  
  152  16:40  Marauder  
  152  16:46  Ghost Academy  
  153  16:51  Marine x6  
  153  16:52  Barracks Tech Lab  
  159  16:55  Marauder  
  163  17:05  Marine x3  
  163  17:06  Marauder  
  163  17:07  Siege Tank  
  171  17:08  Marine  
  171  17:09  Marine, Marauder  
  171  17:11  Marine x2, Marauder  
  179  17:17  Ghost  
  178  17:26  Ghost  
  180  17:30  Refinery, Ghost  
  180  17:31  Marine x3  
  180  17:32  Ghost  
  182  17:45  Medivac, Ghost  
  185  17:55  Ghost  
  161  17:58  Ghost  
  161  18:00  Ghost  
  145  18:07  Marine x2  
  145  18:12  Refinery  
  147  18:14  Ghost  
  147  18:19  Marine  
  149  18:20  Marine x5  
  149  18:23  Ghost  
  149  18:25  Marine x2  
  159  18:27  Ghost  
  159  18:29  Ghost  
  159  18:30  Command Center x2  
  163  18:37  Marine x2  
  163  18:38  Marine x4  
  169  18:42  Ghost  
  169  18:43  Marine x2  
  164  18:52  Ghost  
  164  18:55  Marine x5  
  141  18:56  Ghost  
  141  18:57  Ghost  
  141  18:58  Marine  
  141  19:00  Marine  
  148  19:08  Marine  
  147  19:11  Ghost, Terran Ship Weapons Level 1  
  147  19:12  Siege Tank  
  147  19:13  Marine x3  
  146  19:20  Ghost  
  146  19:21  Marine x2  
  146  19:22  Marine x2  
  152  19:24  Ghost  
  152  19:25  Marine  
  152  19:26  SCV x3, Ghost  
  160  19:31  Liberator  
  160  19:32  Siege Tank  
  160  19:34  Building Armor  
  162  19:39  Ghost  
  162  19:42  Marine  
  160  19:46  Siege Tank  
  160  19:47  Orbital Command  
  160  19:50  Marauder  
  168  19:53  Marauder  
  168  19:55  Marauder  
  168  19:59  Marine  
  173  20:04  Nuke  
  173  20:09  Marauder  
  173  20:11  Marauder  
  180  20:14  Siege Tank  
  180  20:15  Marauder  
  180  20:17  Marauder  
  180  20:18  Siege Tank  
  168  20:23  Marine  
  168  20:26  Marine  
  168  20:27  Marine x4  
  143  20:29  Ghost  
  143  20:30  Unknown x5  
  143  20:32  Ghost  
  139  20:40  Marine x4  
  139  20:41  Marine  
  129  20:44  Marine x5  
  126  20:50  Unknown x2  
  125  20:57  Marine  
  125  20:58  Marine x2, Marauder x2  
  125  20:59  Marine  
  125  21:02  Marauder, Marine x5  
  140  21:09  Unknown  
  140  21:15  Medivac  
  140  21:16  Marauder  
  144  21:20  Marauder x2  
  144  21:23  Planetary Fortress  
  144  21:25  Supply Depot, Marine  
  149  21:27  Marine  
  149  21:29  Medivac  
  152  21:33  Marine x3, Marauder  
  152  21:39  Marine x3, Marauder  
  148  21:41  Marine, Marauder  
  148  21:44  Marine  
  149  21:52  Marine x4  
  153  21:55  Marauder  
  153  21:56  Marine x2  
  153  21:57  Marine  
  153  21:59  Refinery, Marauder  
  153  22:00  Marine  
  161  22:01  Siege Tank, Marine  
  161  22:06  Sensor Tower  
  161  22:07  SCV, Missile Turret  
  166  22:10  Starport  
  166  22:12  Starport  
  166  22:14  Medivac  
  168  22:17  Siege Tank  
  171  22:27  Marine x5  
  171  22:28  Marine, Marauder  
  171  22:29  Marine  
  153  22:31  Marine  
  153  22:33  Marine  
  136  22:40  Marauder, Marine  
  138  22:45  Marine  
  139  22:55  Marine  
  139  22:56  Marine x2, Marauder  
  126  23:02  Unknown, Marauder  
  116  23:07  Marine  
Show
View Real Time Build Order
Export as new Build Order

Serral Zerg - Winner!

Build Orders: Hatch First, Zergling Baneling 

Get SALT Encoding   

  12  0:02  Drone  
  13  0:13  Overlord  
  13  0:18  Drone  
  14  0:32  Drone x2  
  16  0:48  Hatchery  
  15  0:52  Drone  
  15  0:55  Drone  
  17  1:09  Spawning Pool  
  16  1:12  Extractor  
  16  1:14  Drone  
  17  1:18  Drone  
  17  1:21  Drone  
  19  1:32  Drone  
  19  1:39  Overlord  
  19  1:52  Drone  
  20  1:56  Queen  
  20  2:00  Zergling x2, Queen  
  25  2:02  Zergling x2  
  26  2:11  Metabolic Boost  
  26  2:14  Drone x2  
  28  2:25  Drone  
  28  2:26  Drone  
  30  2:42  Hatchery  
  29  2:45  Queen  
  29  2:51  Overlord  
  31  2:54  Drone  
  31  2:55  Drone  
  31  2:57  Drone  
  34  3:09  Drone x2  
  36  3:13  Drone x2  
  36  3:14  Drone  
  39  3:21  Zergling x4, Queen  
  39  3:25  Overlord  
  43  3:27  Drone  
  43  3:30  Overlord  
  44  3:41  Baneling Nest, Zergling x2  
  43  3:43  Overlord  
  44  3:49  Spine Crawler, Zergling x4  
  46  3:56  Drone x2, Queen  
  46  4:01  Overlord  
  50  4:05  Drone x2  
  50  4:06  Zergling x2  
  50  4:08  Overlord  
  53  4:12  Zergling x4  
  53  4:15  Zergling x2  
  53  4:16  Zergling x2  
  56  4:22  Drone  
  57  4:25  Baneling x3  
  57  4:26  Drone x2  
  57  4:27  Overlord  
  57  4:29  Baneling x2  
  57  4:36  Spore Crawler  
  57  4:37  Queen  
  57  4:39  Baneling x2  
  57  4:41  Drone  
  57  4:42  Drone  
  59  4:50  Overlord  
  59  4:51  Drone x3  
  59  4:52  Baneling x2  
  61  4:58  Zergling x6  
  61  5:00  Drone  
  61  5:01  Drone x2  
  61  5:03  Zergling x2  
  61  5:05  Overlord  
  61  5:14  Zergling x10  
  61  5:20  Baneling x2  
  66  5:23  Baneling x2, Zergling x6  
  67  5:31  Queen x2  
  67  5:34  Drone x2  
  67  5:35  Drone  
  68  5:44  Drone x3  
  68  5:47  Drone x3  
  68  5:48  Drone  
  73  5:55  Lair  
  73  5:57  Drone x6, Extractor x3  
  72  6:00  Zergling x2  
  77  6:06  Drone x2  
  77  6:07  Drone, Evolution Chamber  
  77  6:08  Evolution Chamber  
  78  6:20  Drone x3  
  78  6:22  Spore Crawler  
  78  6:24  Drone  
  78  6:25  Drone x2, Extractor  
  82  6:30  Zergling x6  
  85  6:35  Hatchery  
  85  6:39  Drone, Spore Crawler  
  82  6:42  Zergling x4  
  79  6:48  Drone x6  
  79  6:53  Overseer  
  84  6:56  Overlord, Queen  
  84  6:58  Drone x2  
  84  6:59  Drone  
  89  7:05  Overlord  
  84  7:08  Zerg Ground Armor Level 1, Zerg Melee Weapons Level 1  
  81  7:19  Baneling x5  
  81  7:20  Baneling x2, Hatchery  
  81  7:22  Zergling x2  
  81  7:23  Zergling x6  
  81  7:29  Lair  
  84  7:32  Zergling x4, Queen  
  88  7:37  Baneling x6  
  87  7:46  Drone  
  87  7:47  Queen  
  87  7:48  Drone x2  
  87  7:49  Zergling x2  
  93  7:53  Zergling x2  
  94  8:01  Zergling x6  
  97  8:08  Drone x3  
  100  8:13  Zergling x4  
  100  8:18  Zergling x8  
  106  8:25  Zergling x4  
  106  8:26  Centrifical Hooks  
  102  8:29  Queen x2  
  102  8:31  Overlord, Queen  
  102  8:33  Zergling x6  
  110  8:36  Baneling x8  
  110  8:40  Zergling x2  
  105  8:51  Drone x9  
  111  8:59  Hydralisk Den  
  111  9:00  Zergling x8  
  111  9:02  Baneling x3  
  114  9:05  Overlord  
  114  9:06  Overlord  
  114  9:08  Hatchery  
  113  9:18  Drone x3  
  113  9:19  Drone  
  113  9:20  Zergling x6  
  113  9:22  Baneling x9  
  120  9:25  Zerg Melee Weapons Level 2  
  120  9:26  Zerg Ground Armor Level 2  
  120  9:29  Drone  
  120  9:30  Spore Crawler  
  120  9:34  Zergling x18  
  125  9:41  Muscular Augments  
  125  9:42  Zergling x4  
  127  9:48  Hydralisk x4  
  134  9:54  Drone  
  134  9:55  Overlord x3  
  134  9:59  Infestation Pit  
  134  10:00  Overlord  
  134  10:01  Baneling x2, Extractor  
  134  10:02  Overlord  
  134  10:05  Drone x3  
  136  10:09  Overlord  
  136  10:12  Zergling x4  
  135  10:17  Zergling x18  
  135  10:18  Zergling x4  
  138  10:25  Hydralisk x2  
  138  10:26  Zergling x2  
  141  10:31  Zergling x10  
  145  10:40  Zergling x10, Hatchery  
  142  10:54  Zergling x26  
  154  10:59  Hive  
  154  11:01  Hatchery  
  152  11:17  Overlord x3  
  152  11:18  Overlord x2  
  145  11:25  Hydralisk  
  145  11:26  Hydralisk x2  
  150  11:34  Hydralisk  
  150  11:36  Hydralisk x4  
  150  11:37  Hatchery, Zergling x16  
  166  11:48  Zergling x8  
  167  11:57  Hatchery  
  164  12:04  Zergling x30  
  179  12:11  Overlord  
  179  12:13  Overlord x2  
  173  12:26  Baneling x15  
  173  12:27  Baneling x6  
  173  12:33  Zergling x2  
  173  12:34  Zergling x10  
  173  12:36  Zergling x6  
  171  12:40  Overlord  
  171  12:41  Overlord x2  
  170  12:48  Zergling x26  
  148  12:53  Zergling x6  
  130  13:09  Spawning Pool, Adrenal Glands  
  130  13:12  Viper x3  
  129  13:14  Baneling x10  
  129  13:18  Drone  
  129  13:19  Drone x3  
  142  13:26  Drone x5  
  146  13:28  Drone x2  
  146  13:33  Baneling x9  
  147  13:41  Zergling x14  
  154  13:46  Baneling x2  
  151  13:49  Zergling x14  
  156  13:56  Zergling x2  
  156  13:57  Zergling x4  
  156  13:58  Zergling x2  
  156  13:59  Zergling x4  
  140  14:13  Zergling x2  
  140  14:14  Zergling x28  
  142  14:20  Hydralisk x3  
  138  14:25  Ultralisk Cavern  
  138  14:27  Hydralisk x3, Zerg Missile Weapons Level 1, Zerg Ground Armor Level 3  
  140  14:35  Baneling x7  
  140  14:40  Drone x4  
  140  14:41  Drone x2  
  140  14:43  Zergling x2  
  140  14:44  Zergling x6  
  150  14:47  Queen  
  150  14:48  Queen x2  
  150  14:52  Zergling x16  
  163  15:03  Drone x3  
  159  15:11  Hatchery  
  156  15:19  Chitinous Plating  
  156  15:20  Ultralisk x2  
  168  15:24  Baneling x5  
  168  15:26  Hatchery  
  167  15:33  Overlord x2  
  166  15:39  Ultralisk, Zergling x4  
  174  15:43  Baneling x6  
  165  15:50  Zergling x14  
  162  15:58  Zergling x14  
  151  16:11  Ultralisk x2, Zergling x2  
  151  16:28  Hydralisk x4  
  151  16:29  Zergling x6  
  152  16:38  Hatchery  
  149  16:42  Hatchery  
  155  16:47  Viper x2  
  155  16:49  Zergling x10  
  155  16:51  Baneling x7  
  158  17:02  Zergling x16  
  166  17:09  Hydralisk x3  
  161  17:23  Zergling x20  
  171  17:34  Hatchery  
  171  17:36  Zergling x14  
  174  17:55  Zergling x14  
  174  17:56  Zergling x4  
  162  18:00  Hydralisk  
  162  18:01  Hydralisk  
  159  18:09  Baneling x11, Zergling x2  
  159  18:10  Zergling x6  
  156  18:13  Drone x2  
  158  18:21  Drone  
  158  18:22  Drone  
  160  18:27  Hydralisk x2  
  160  18:28  Zergling x4  
  166  18:38  Zergling x12  
  148  19:00  Overseer x2  
  147  19:03  Viper x3  
  147  19:05  Zergling x20  
  163  19:18  Hatchery  
  163  19:19  Baneling x3, Overseer  
  163  19:21  Zergling x12  
  168  19:24  Pneumatized Carapace  
  168  19:25  Overseer  
  168  19:30  Zerg Missile Weapons Level 2  
  168  19:35  Baneling  
  168  19:36  Baneling x2  
  168  19:40  Zergling x2  
  168  19:41  Zergling x14  
  176  19:48  Baneling x12  
  176  19:59  Zergling x16  
  170  20:07  Baneling x7  
  170  20:08  Baneling x7  
  170  20:16  Zergling x14  
  169  20:26  Zergling x12  
  147  20:37  Zergling x12  
  147  20:39  Overseer  
  147  20:41  Zergling x2, Swarm Host  
  147  20:42  Zergling x6  
  143  20:58  Zergling x2, Hydralisk x3  
  143  20:59  Zergling x6  
  143  21:03  Baneling x12  
  151  21:07  Drone x4  
  151  21:08  Drone  
  151  21:09  Extractor  
  156  21:11  Zergling x6  
  156  21:18  Baneling x11  
  158  21:20  Drone x3  
  158  21:21  Drone  
  158  21:24  Drone x4  
  163  21:33  Zergling x8  
  163  21:45  Zergling x6  
  163  21:46  Drone x2  
  165  21:47  Zergling x10  
  170  21:56  Baneling x9  
  170  21:57  Baneling, Zergling x12  
  176  22:03  Extractor  
  176  22:06  Hatchery  
  174  22:13  Ultralisk, Zergling x10  
  185  22:16  Baneling x4  
  180  22:28  Zergling x18  
  165  22:33  Baneling x6  
  159  22:37  Zergling x10  
  159  22:42  Baneling x3  
  155  22:53  Zergling x8  
  155  22:54  Zergling x22  
  158  23:02  Zergling x16  
  158  23:03  Baneling x5  
  165  23:07  Zergling x2  
  163  23:24  Extractor  
Tags
 
Add a new tag
Caveats
  • Supply blocks, unpowered buildings, or Contaminate may cause inaccurate times.
  • Supply counts are checked every 10 seconds.